 Dungeon Sprint DCSS version 0.30-a0-1161-g0704695555 (webtiles) character file.

Game seed: 13895162672447091497

4345 sircluck the Severer (level 10, -6/108 HPs)
             Began as a Hill Orc Berserker on Apr 27, 2023.
             Was the Champion of Trog.
             Mangled by a killer bee (8 damage)
             ... in the Dungeon (Sprint III: "The Ten Rune Challenge").
             The game lasted 00:04:11 (1949 turns).

sircluck the Severer (Hill Orc Berserker)           Turns: 1949, Time: 00:04:12

Health: -6/108     AC:  3    Str: 28    XL:     10   Next: 34%
Magic:  10/10      EV: 14    Int:  3    God:    Trog [******]
Gold:   38         SH:  0    Dex: 10    Spells: 9/9 levels left

rFire   . . .        q - +5 war axe "Racsel" {heavy, rN++ Str+3 Int-4 Stlth+}
rCold   . . .        (no shield)
rNeg    + + .        o - +0 leather armour
rPois   .            (no helmet)
rElec   .            (no cloak)
rCorr   .            (no gloves)
SInv    .            (no boots)
Will    .....        (no amulet)
Stlth   +++          (no ring)
HPRegen 0.38/turn    (no ring)
MPRegen 0.12/turn

%: no teleportation
@: on berserk cooldown, slowed, very slow
A: no striking features
a: Renounce Religion, Berserk, Trog's Hand, Brothers in Arms


You were in the Dungeon.
You worshipped Trog.
Trog was exalted by your worship.
You visited 1 branch You collected 38 gold pieces.

Inventory:

Hand Weapons
 a - a +0 hand axe
 q - the +5 war axe "Racsel" (weapon) {heavy, rN++ Str+3 Int-4 Stlth+}
   (Trog gifted it to you in the Dungeon)

   Str:       It affects your strength (+3).
   Int:       It affects your intelligence (-4).
   rN:        It greatly protects you from negative energy.
   Stlth:     It makes you more stealthy.
Armour
 b - a +0 animal skin
 o - a +0 leather armour (worn)
Wands
 p - a wand of paralysis (8)
Scrolls
 i - a scroll of enchant weapon {unknown}
 k - a scroll of poison {unknown}
 l - 4 scrolls of identify
 n - a scroll of immolation {unknown}
Potions
 e - a potion of haste
 f - 2 potions of magic
 g - a potion of berserk rage
 j - 4 potions of mutation {unknown}
 m - 4 potions of flight


   Skills:
 + Level 16.7 Fighting
 + Level 19.9 Axes
 + Level 6.9 Armour
 + Level 7.8 Dodging
 + Level 4.4 Stealth


You had 9 spell levels left.
You didn't know any spells.
Your spell library was empty.

Dungeon Overview and Level Annotations

Branches:
Dungeon (1/1)

Altars:
Cheibriados
Dithmenos
Elyvilon
Fedhas
Gozag
Hepliaklqana
Kikubaaqudgha
Makhleb
Nemelex Xobeh
Okawaru
Qazlal
Ru
Sif Muna
Trog
Uskayaw
Vehumet
Wu Jian
Xom
Yredelemnul
Zin
The Shining One
Beogh
Jiyva
Lugonu


Message History

Trog accepts your kill. Trog grants you a weapon!
Something appears at your feet!
You see here a +8 antimagic war axe.
You slash the killer bee!
You are no longer berserk.
You are exhausted.
You feel yourself slow down.
* * * LOW HITPOINT WARNING * * *
You feel sick.
The killer bee fails to trigger a net trap.
The killer bee misses you.
Blink to where?
Press: ? - help, Q - select action, (/) - cycle Dir - move target
As you read the scroll of blinking, it crumbles to dust.
* * * LOW HITPOINT WARNING * * *
You feel sick.
You close the door.
You feel sick.
You open the door.
* * * LOW HITPOINT WARNING * * *
You feel sick. The killer bee closely misses you. x2
You feel better. The killer bee closely misses you. The killer bee stings you.
* * * LOW HITPOINT WARNING * * *
The killer bee barely misses you. The killer bee closely misses you.
The killer bee stings you.
* * * LOW HITPOINT WARNING * * *
The killer bee stings you.
* * * LOW HITPOINT WARNING * * *
You feel better. The killer bee stings you.
* * * LOW HITPOINT WARNING * * *
The killer bee closely misses you. The killer bee stings you!
* * * LOW HITPOINT WARNING * * *
The killer bee barely misses you. The killer bee closely misses you.
The killer bee barely misses you.
You hit the killer bee.
The killer bee is severely wounded.
You closely miss the killer bee. The killer bee closely misses you. x2
The killer bee misses you.
The killer bee stings you but does no damage.
The killer bee stings you!
You die...

#'## ...# ...# ##'#
...#+###########################
...#....#.#.#.....#...^)^y...~≈#
...##.#..#.##)###)#....††#...~≈
...'##.#.#.##.#.y##....^.# .~≈
...#)).#..#..##.@yy^.....# ~
▓▓▓▓▓▓▓▓▓▓▓▓▓▓▓▓▓#[..^.^.#
#.^....^# +...^.^.# #.......#
##+######


You could see 3 killer bees.

Vanquished Creatures
  Erolcha (D)
  A deep elf pyromancer (D)
  A queen bee (D)
  A shadow (D)
  2 redbacks (D)
  A spatial vortex (D)
  5 two-headed ogres (D)
  A scorpion (D)
  A necrophage (D)
  A water elemental (D)
  29 killer bees (D)
  A jelly (D)
  A wizard (D)
  Jessica (D)
  A necromancer (D)
  3 humans (D)
  A kobold demonologist (D)
  An endoplasm (D)
  2 rats (D)
55 creatures vanquished.

Notes
Turn   | Place    | Note
-------+----------+-------------------------------------------
     0 | D        | sircluck the Hill Orc Berserker began the quest for the
                  | Orb.
     0 | D        | Reached XP level 1. HP: 19/19 MP: 1/1
    48 | D        | Reached ** piety under Trog
    50 | D        | Noticed Jessica
    60 | D        | Killed Jessica
    61 | D        | Reached skill level 5 in Fighting
    61 | D        | Reached skill level 6 in Axes
    61 | D        | Reached XP level 2. HP: 26/29 MP: 2/2
    61 | D        | Reached XP level 3. HP: 32/36 MP: 3/3
    94 | D        | Reached skill level 7 in Axes
    94 | D        | Noticed a scorpion
    97 | D        | Killed a scorpion
    97 | D        | Reached *** piety under Trog
    98 | D        | Reached skill level 8 in Axes
    98 | D        | Reached skill level 1 in Stealth
    98 | D        | Reached XP level 4. HP: 46/47 MP: 4/4
   296 | D        | Noticed a water elemental
   304 | D        | Killed a water elemental
   305 | D        | Reached skill level 9 in Axes
   305 | D        | Reached XP level 5. HP: 55/55 MP: 5/5
   442 | D        | Found a radiant altar of Vehumet.
   442 | D        | Found a shimmering blue altar of Sif Muna.
   442 | D        | Found an ancient bone altar of Kikubaaqudgha.
   451 | D        | Reached skill level 10 in Axes
   702 | D        | Found a glowing silver altar of Zin.
   702 | D        | Found a glowing golden altar of the Shining One.
   702 | D        | Found a white marble altar of Elyvilon.
   705 | D        | Noticed a deep elf pyromancer
   715 | D        | Killed a deep elf pyromancer
   715 | D        | Reached **** piety under Trog
   716 | D        | Reached skill level 13 in Axes
   716 | D        | Reached skill level 5 in Armour
   716 | D        | Reached XP level 6. HP: 26/70 MP: 6/6
   716 | D        | Reached XP level 7. HP: 28/75 MP: 7/7
   881 | D        | Found a hide-covered altar of Uskayaw.
   881 | D        | Found a roughly hewn altar of Beogh.
   881 | D        | Found an iron altar of Okawaru.
   881 | D        | Found a bloodstained altar of Trog.
   881 | D        | Found an ornate altar of the Wu Jian Council.
   881 | D        | Noticed a human
   881 | D        | Noticed a human
   888 | D        | Found a basalt altar of Yredelemnul.
   888 | D        | Found a shadowy altar of Dithmenos.
   888 | D        | Found a sacrificial altar of Ru.
   903 | D        | Reached skill level 14 in Axes
   994 | D        | Killed a human
   995 | D        | Reached XP level 8. HP: 85/85 MP: 8/8
  1001 | D        | Reached ***** piety under Trog
  1002 | D        | Reached skill level 5 in Dodging
  1072 | D        | Noticed a shadow
  1079 | D        | Reached skill level 15 in Axes
  1079 | D        | Killed a shadow
  1129 | D        | Found a blossoming altar of Fedhas.
  1129 | D        | Found a stormy altar of Qazlal.
  1129 | D        | Found a snail-covered altar of Cheibriados.
  1129 | D        | Found a burning altar of Makhleb.
  1129 | D        | Found a shimmering altar of Xom.
  1130 | D        | Found a hazy altar of Hepliaklqana.
  1130 | D        | Found an opulent altar of Gozag.
  1130 | D        | Found a sparkling altar of Nemelex Xobeh.
  1130 | D        | Found a corrupted altar of Lugonu.
  1130 | D        | Found a viscous altar of Jiyva.
  1289 | D        | Identified the +5 war axe "Racsel" {heavy, rN++ Str+3 Int-4
                  | Stlth+} (Trog gifted it to you in the Dungeon)
  1289 | D        | Received a gift from Trog
  1290 | D        | Reached skill level 16 in Axes
  1364 | D        | Noticed a two-headed ogre
  1368 | D        | Killed a two-headed ogre
  1369 | D        | Reached XP level 9. HP: 95/95 MP: 9/9
  1408 | D        | Noticed Erolcha
  1408 | D        | Noticed a two-headed ogre
  1416 | D        | Killed a two-headed ogre
  1417 | D        | Reached skill level 17 in Axes
  1432 | D        | Killed Erolcha
  1433 | D        | Reached skill level 15 in Fighting
  1433 | D        | Reached skill level 18 in Axes
  1906 | D        | Noticed a queen bee
  1912 | D        | Killed a queen bee
  1912 | D        | Identified the +12 battleaxe "Sudek" {heavy, Dex+5} (Trog
                  | gifted it to you in the Dungeon)
  1912 | D        | Received a gift from Trog
  1916 | D        | Reached skill level 19 in Axes
  1916 | D        | Reached XP level 10. HP: 107/107 MP: 10/10
  1918 | D        | Reached ****** piety under Trog
  1927 | D        | Received a gift from Trog
  1934 | D        | Received a gift from Trog
  1943 | D        | Received a gift from Trog
  1944 | D        | HP: 5/108 [poisoned by a killer bee]
  1948 | D        | HP: 1/108 [killer bee (7)]
  1949 | D        | Mangled by a killer bee

Illustrated notes

Levels and vault maps discovered:
D:        dungeon_sprint_mu [sprint_mu_entry_cave, sprint_mu_temple_rooms,
          sprint_mu_d1_spiders, sprint_mu_d2_genie, sprint_mu_d3_branching,
          sprint_mu_orc_legion, sprint_mu_elf_gauntlet, sprint_mu_hive_nellie,
          sprint_mu_lair_fedhas, sprint_mu_vaults_butterflies,
          sprint_mu_slime_circle, sprint_mu_shoals_archi,
          sprint_mu_snake_twists, sprint_mu_blade_basic,
          sprint_mu_crypt_chambers, sprint_mu_tomb_spiral,
          sprint_mu_vestibule_basic, sprint_mu_gehenna_hellfire,
          sprint_mu_dis_giant, sprint_mu_tartarus_statrot,
          sprint_mu_cocytus_islands, sprint_mu_zot1]

Skill      XL: |  1  2  3  4  5  6  7  8  9 10 |
---------------+-------------------------------+-----
Fighting       | 5 7 8 11 12 14 15 16 | 16.7
Axes           | 6 8 9 13 14 16 19 | 19.9
Dodging        | 2 3 4 5 7 |  7.8
Armour         | 3 4 5 6 |  6.9
Stealth        | 1 2 3 4 |  4.4

Action                     |  1- 3 |  4- 6 |  7- 9 | 10-12 || total
---------------------------+-------+-------+-------+-------++-------
  Melee: Hand axe          |    24 |    20 |    53 |       ||    97
         War axe           |       |       |    23 |    28 ||    51
 Invoke: Berserk           |     1 |     3 |     6 |       ||    10
    Use: Potion            |       |       |     1 |     2 ||     3
         Scroll            |       |       |       |     1 ||     1
   Stab: Sleeping          |     1 |       |       |       ||     1
 Armour: Animal skin       |     2 |     2 |     2 |       ||     6
         Leather armour    |       |       |     1 |     5 ||     6
  Dodge: Dodged            |    10 |     2 |    35 |    35 ||    82

Table legend: (Time is in decaauts)
 A = Elapsed time spent in this place.
 B = Non-inter-level travel time spent in this place.
 C = Inter-level travel time spent in this place.
 D = Time resting spent in this place.
 E = Time spent auto-exploring this place.
 F = Levels seen in this place.
 G = Mean time per level.
                   A        B        C        D        E       F      G
               +--------+--------+--------+--------+--------+-----+--------+
         Total |   1989 |   1989 |      0 |   1295 |    420 |   1 | 1989.0 |
       Dungeon |   1989 |   1989 |      0 |   1295 |    420 |   1 | 1989.0 |
               +--------+--------+--------+--------+--------+-----+--------+

Top non-repeatable levels by time:
       D: 1989 daAuts
